 Dungeon Crawl Stone Soup version 0.29.1-14-g9c671dbff4 (webtiles) character file.

Game seed: 18370939959183590625

820 EarthwalkerPL the Trooper (level 7, -1/64 HPs)
             Began as a Minotaur Fighter on Feb 19, 2023.
             Slain by Duvessa
             ... wielding a +0 rapier
              (3 damage)
             ... on level 5 of the Dungeon.
             The game lasted 00:05:05 (3342 turns).

EarthwalkerPL the Trooper (Minotaur Fighter)        Turns: 3342, Time: 00:05:06

Health: -1/64      AC: 10    Str: 23    XL:     7   Next: 63%
Magic:  6/6        EV:  9    Int:  5    God:
Gold:   228        SH:  4    Dex:  9    Spells: 6/6 levels left

rFire   . . .      SeeInvis +   a - +0 war axe
rCold   . . .      Faith    .   c - +0 buckler
rNeg    . . .      Spirit   .   b - +0 scale mail
rPois   .          Reflect  .   (helmet restricted)
rElec   .          Harm     .   o - +0 cloak
rCorr   .          Rampage  .   w - +0 pair of gloves
Will    .....                   (no boots)
Stlth   ..........              (no amulet)
HPRegen 0.20/turn               g - ring of flight
MPRegen 0.10/turn               m - ring of see invisible

@: flying
A: horns 2, retaliatory headbutt
a: no special abilities


You were on level 5 of the Dungeon.
You visited 1 branch of the dungeon, and saw 5 of its levels.

You collected 228 gold pieces.

Inventory:

Hand Weapons
 a - a +0 war axe (weapon)
Missiles
 p - 5 poisoned darts (quivered)
 u - 2 throwing nets
Armour
 b - a +0 scale mail (worn)
 c - a +0 buckler (worn)
 o - a +0 cloak (worn)
 w - a +0 pair of gloves (worn)
Jewellery
 g - a ring of flight (left hand)
 m - a ring of see invisible (right hand)
Wands
 q - a wand of polymorph (7)
 y - a wand of digging (15)
Scrolls
 e - 2 scrolls of immolation {unknown}
 f - a scroll of blinking {unknown}
 n - a scroll of teleportation {unknown}
 r - 2 scrolls of enchant weapon {unknown}
 x - a scroll of poison {unknown}
 z - a scroll of identify {unknown}
Potions
 d - a potion of might
 h - 2 potions of brilliance {unknown}
 i - a potion of flight {unknown}
 j - 2 potions of curing
 k - a potion of lignification {unknown}
 l - a potion of heal wounds {unknown}
 s - 2 potions of invisibility {unknown}
 t - a potion of degeneration {unknown}
 v - a potion of berserk rage
 A - a potion of mutation {unknown}
 B - a potion of haste


   Skills:
 * Level 6.7 Fighting
 * Level 5.9 Axes
 * Level 6.5 Armour
 + Level 5.2 Shields


You had 6 spell levels left.
You didn't know any spells.
Your spell library contained the following spells:

 Spells                   Type           Power      Damage    Failure   Level
 Sandblast                Erth           0%         2d4       85%         1
 Passwall                 Tmut/Erth      0%         N/A       94%         2
 Stone Arrow              Conj/Erth      0%         3d7       99%         3


Dungeon Overview and Level Annotations

Branches:
Dungeon (5/15)
 Temple: D:4-7

Altars:
Dithmenos
Qazlal
Uskayaw
Vehumet

Annotations:
D:5 Duvessa


Innate Abilities, Weirdness & Mutations

You have a pair of horns on your head.
You reflexively headbutt those who attack you in melee.


Message History

Dowan is lightly wounded.
You hit Duvessa but do no damage. You hit the iguana but do no damage.
Dowan barely misses you. You furiously retaliate!
You headbutt Dowan! The iguana bites you. You block Duvessa's attack.
Dowan hits you with a +2 dagger of holy wrath.
You closely miss Dowan.
Dowan is severely wounded.
You closely miss Duvessa. You hit the iguana but do no damage.
Dowan says, "Stay away from my face!"
Dowan closely misses you. Duvessa closely misses you. You furiously retaliate!
You headbutt Duvessa. The iguana bites you. You block Dowan's attack.
You closely miss Dowan.
Dowan is severely wounded.
You hit Duvessa. You hit the iguana.
Dowan hits you with a +2 dagger of holy wrath.
The iguana barely misses you. You furiously retaliate!
You headbutt the iguana.
Duvessa drinks a potion.
Duvessa goes berserk!
Dowan zaps a wand.
The puff of flame hits you but does no damage.
Duvessa hits you with a +0 rapier.
The iguana bites you but does no damage.
You slash Duvessa!
Duvessa is moderately wounded.
You hit Dowan. You barely miss the iguana. Dowan hits you but does no damage.
You block Duvessa's attack. The iguana barely misses you.
Dowan hits you but does no damage.
You hit Duvessa.
Duvessa is heavily wounded.
You slash Dowan!
You kill Dowan!
Duvessa weeps, and shakes her weapon.
You hit the iguana but do no damage. Duvessa hits you with a +0 rapier!
Duvessa hits you with a +0 rapier!!
* * * LOW HITPOINT WARNING * * *
You block the iguana's attack.
You completely miss Duvessa.
Duvessa is heavily wounded.
You hit the iguana but do no damage. Duvessa completely misses you.
You furiously retaliate!
You headbutt Duvessa. You block the iguana's attack.
Duvessa hits you with a +0 rapier.
You die...

##.....# .#
#......# ..#
#......# #..#
#.....# ...#
#.....# #..#
##.....# #...#
###......#
#..)####.|..#...##
#..e@.....#####..##
#..l....### ##..#
.........### ##.##
........## ##.##
###.....# ##.#
###.... ##.# ##.$.
#.##
##...###########.#
.......<......#


You could see Duvessa (berserk) and an iguana.

Vanquished Creatures
  Grinder (D:3)
  Sigmund (D:2)
  Blork the orc (D:4)
  A scorpion (D:3)
  Dowan (D:5)
  3 iguanas
  Crazy Yiuf (D:2)
  Robin (D:3)
  4 gnolls (D:4)
  7 adders
  3 worms
  A dart slug (D:4)
  An orc (D:3)
  4 bats
  3 endoplasms
  3 giant cockroaches
  15 goblins
  11 hobgoblins
  4 quokkas
  5 ball pythons
  4 frilled lizards
  9 kobolds
  9 rats
  A spectral hobgoblin (D:3)
94 creatures vanquished.

Notes
Turn   | Place    | Note
-------+----------+-------------------------------------------
     0 | D:1      | EarthwalkerPL the Minotaur Fighter began the quest for the
                  | Orb.
     0 | D:1      | Reached XP level 1. HP: 19/19 MP: 0/0
   289 | D:1      | Reached XP level 2. HP: 27/27 MP: 1/1
   829 | D:2      | Found a shadowy altar of Dithmenos.
   932 | D:2      | Reached XP level 3. HP: 26/33 MP: 2/2
  1044 | D:2      | Noticed Sigmund
  1056 | D:2      | Killed Sigmund
  1057 | D:2      | Reached skill level 5 in Fighting
  1057 | D:2      | Reached skill level 5 in Armour
  1057 | D:2      | Reached XP level 4. HP: 22/42 MP: 3/3
  1057 | D:2      | Reached XP level 5. HP: 25/48 MP: 4/4
  1357 | D:2      | Found a runed translucent door.
  1358 | D:2      | Noticed Crazy Yiuf
  1685 | D:2      | Killed Crazy Yiuf
  1825 | D:3      | Found a faded altar of an unknown god.
  1894 | D:3      | Found a radiant altar of Vehumet.
  1947 | D:3      | Reached XP level 6. HP: 51/56 MP: 5/5
  2189 | D:3      | Found a hide-covered altar of Uskayaw.
  2300 | D:4      | Noticed Robin
  2304 | D:4      | Noticed Grinder
  2546 | D:4      | Paralysed by Grinder for 3 turns
  2608 | D:3      | Killed Robin
  2668 | D:3      | Killed Grinder
  2669 | D:3      | Reached skill level 5 in Axes
  2669 | D:3      | Reached skill level 5 in Shields
  2669 | D:3      | Reached XP level 7. HP: 44/63 MP: 6/6
  2863 | D:4      | Found a stormy altar of Qazlal.
  3129 | D:4      | Noticed Blork the orc
  3133 | D:4      | Killed Blork the orc
  3227 | D:5      | Entered Level 5 of the Dungeon
  3331 | D:5      | Noticed Dowan
  3332 | D:5      | Noticed Duvessa
  3341 | D:5      | Killed Dowan
  3341 | D:5      | HP: 1/64 [Duvessa/+0 rapier (20)]
  3342 | D:5      | Slain by Duvessa

Illustrated notes

Levels and vault maps discovered:
D:1:      noname_arrival_rooms_in_the_neighbourhood, layout_loops_corners
D:2:      layout_basic, basic_altar, uniq_sigmund, uniq_crazy_yiuf_cottage
D:3:      layout_rooms, mainiacjoe_overflow_tiny_flanked,
          lemuel_coloured_pillars_altar,
          dreamdust_ecumenical_altar_drowned_temple
D:4:      layout_gridville, nicolae_qazlal_general_emergency,
          uniq_blork_the_orc, uniq_robin, uniq_grinder
D:5:      layout_layer_cave, cheibriados_altar_2, minmay_temple_entry_hall,
          portal_sewer_entry_c, uniq_duvessa, uniq_eustachio

Skill      XL: |  1  2  3  4  5  6 |
---------------+-------------------+-----
Fighting       | 4 5 6 |  6.7
Armour         | 4 5 6 |  6.5
Axes           | 3 4 5 |  5.9
Shields        | 4 5 |  5.2

Action                   |  1- 3 |  4- 6 |  7- 9 || total
-------------------------+-------+-------+-------++-------
Melee: War axe           |    71 |    95 |    45 ||   211
       Headbutt          |     7 |    11 |     9 ||    27
  Use: Potion            |       |     1 |       ||     1
Armor: Scale mail        |    36 |    59 |    18 ||   113
Dodge: Dodged            |    26 |    53 |    20 ||    99
Block: Buckler           |    10 |    26 |     8 ||    44
